[Event "Titled Tuesday Blitz August 08 Early 2023"]
[White "Gontcharov, Vladislav"]
[Black "Hoang, Thi Bao Tram"]
[WhiteFideId "4123492"]
[BlackFideId "12401102"]
[WhiteElo "2533"]
[BlackElo "2671"]
[Result "0-1"]
[Round "6"]
[TimeControl "180+1"]
[Date "2023.08.08"]
[WhiteClock "0:00:00"]
[BlackClock "0:00:09"]
[Board "81"]

1. d4 d5 2. c4 c6 3. Nf3 Nf6 4. e3 g6 5. Nc3 Bg7 6. cxd5 Nxd5 7. Bc4 O-O 8. O-O Nb6 9. Bb3 a5 10. a3 Na6 11. e4 Bg4 12. Be3 e6 13. h3 Bxf3 14. gxf3 Nd7 15. Qe2 Qh4 16. Kg2 Rfd8 17. Rad1 Nf8 18. f4 Nc7 19. Qg4 Qxg4+ 20. hxg4 Rd7 21. Rd2 Rad8 22. Rfd1 Ne8 23. g5 Nc7 24. Na4 Nb5 25. e5 Re7 26. Nc5 Rb8 27. Rd3 Nd7 28. Ne4 Nb6 29. Bd2 Ra8 30. Kf3 h5 31. gxh6 Bxh6 32. Nf6+ Kf8 33. Be3 Nd7 34. Ne4 Bg7 35. Rh1 Ree8 36. Ng5 Ke7 37. Rdd1 Nf8 38. Bc4 Nc7 39. Bd2 Red8 40. Bc3 b5 41. Ba2 Rdb8 42. b4 axb4 43. Bxb4+ Ke8 44. Rc1 Rb6 45. Bc5 Rba6 46. Rc3 Nd7 47. Bd6 Nd5 48. Bxd5 cxd5 49. Rh7 Bf8 50. Nxf7 Ra4 51. Bxf8 Kxf8 52. Nd6 Nb6 53. Rh8+ Kg7 54. Rxa8 Nxa8 55. Nxb5 Kf7 56. Nd6+ Ke7 57. Kg4 Rxd4 58. Kg5 Ra4 59. Rh3 Kd7 60. Rh4 Nc7 61. Kxg6 Rxa3 62. Rh7+ Kc6 63. Kf6 Rf3 64. Rh4 Rxf2 65. Ke7 d4 66. Ne8 Nd5+ 67. Kxe6 Rxf4 0-1


[Site "https://www.chess.com"]

[Event "Titled Tuesday Blitz August 08 Early 2023"]
[White "Nava, Roderick"]
[Black "Baghdasaryan, Vahe"]
[WhiteFideId "5201730"]
[BlackFideId "13303139"]
[WhiteElo "2668"]
[BlackElo "2532"]
[Result "1-0"]
[Round "6"]
[TimeControl "180+1"]
[Date "2023.08.08"]
[WhiteClock "0:00:22"]
[BlackClock "0:00:08"]
[Board "82"]

1. e4 e5 2. Nc3 Nf6 3. f4 d5 4. fxe5 Nxe4 5. Nf3 Bg4 6. d3 Nxc3 7. bxc3 c5 8. Be2 Nc6 9. Bf4 Qa5 10. Qd2 Be7 11. O-O O-O 12. h3 Be6 13. Qe1 d4 14. Qg3 Qxc3 15. Bh6 g6 16. Bxf8 Rxf8 17. Ng5 Bxg5 18. Qxg5 Qxc2 19. Rf2 Qc3 20. Raf1 Nb4 21. h4 Nxa2 22. h5 Nb4 23. h6 Nd5 24. Bf3 Rd8 25. Qxd8# 1-0


[Site "https://www.chess.com"]

[Event "Titled Tuesday Blitz August 08 Early 2023"]
[White "Kanyamarala, Tarun"]
[Black "Fus, Jakub"]
[WhiteFideId "45004714"]
[BlackFideId "1193023"]
[WhiteElo "2531"]
[BlackElo "2667"]
[Result "0-1"]
[Round "6"]
[TimeControl "180+1"]
[Date "2023.08.08"]
[WhiteClock "0:00:56"]
[BlackClock "0:01:27"]
[Board "83"]

1. d4 e6 2. c4 Nf6 3. g3 Bb4+ 4. Bd2 a5 5. Bg2 O-O 6. Nf3 b6 7. O-O Bb7 8. Nc3 d6 9. Rc1 Nbd7 10. Nb5 Bxd2 11. Nxd2 Bxg2 12. Kxg2 e5 13. e3 Re8 14. Re1 Qc8 15. Qf3 e4 16. Qe2 Qb7 17. Rf1 Nf8 18. f3 exf3+ 19. Qxf3 Qxf3+ 20. Kxf3 Rac8 21. c5 dxc5 22. dxc5 Ne6 23. cxb6 cxb6 24. Nc4 Ng5+ 25. Kg2 Rcd8 26. Rfd1 h5 27. Nbd6 Re6 28. Nf5 Rxd1 29. Rxd1 g6 30. Rd8+ Kh7 31. Nd4 Re4 32. h4 Ne6 33. Nxb6 Nxd8 0-1


[Site "https://www.chess.com"]

[Event "Titled Tuesday Blitz August 08 Early 2023"]
[White "Perrine, Dalton"]
[Black "Hua, Lefong"]
[WhiteFideId "2048434"]
[BlackFideId "2602253"]
[WhiteElo "2524"]
[BlackElo "2664"]
[Result "1-0"]
[Round "6"]
[TimeControl "180+1"]
[Date "2023.08.08"]
[WhiteClock "0:00:02"]
[BlackClock "0:00:05"]
[Board "84"]

1. Nf3 Nf6 2. g3 g6 3. b3 Bg7 4. Bb2 O-O 5. Bg2 c5 6. c4 Nc6 7. O-O d6 8. d4 Ne4 9. e3 Bg4 10. Qc1 cxd4 11. Nxd4 Nxd4 12. exd4 Nf6 13. Bxb7 Rb8 14. Bg2 d5 15. c5 Qc8 16. Re1 Re8 17. Nc3 Be6 18. Qd2 h5 19. Ne2 Ne4 20. Qa5 Bh3 21. Nf4 Bxg2 22. Kxg2 Qf5 23. f3 Nf6 24. Re5 Qc2+ 25. Re2 Qf5 26. Rae1 h4 27. Re5 Qc2+ 28. R1e2 Qb1 29. c6 Rbc8 30. c7 hxg3 31. hxg3 Nh5 32. Rxh5 gxh5 33. Nxd5 Qd3 34. Nf4 Qd1 35. d5 f6 36. d6 exd6 37. Rxe8+ Rxe8 38. Qd5+ Kf8 39. Qxd1 1-0


[Site "https://www.chess.com"]

[Event "Titled Tuesday Blitz August 08 Early 2023"]
[White "Dehtiarov, Roman"]
[Black "Burmakin, Vladimir"]
[WhiteFideId "14186640"]
[BlackFideId "4105109"]
[WhiteElo "2662"]
[BlackElo "2531"]
[Result "0-1"]
[Round "6"]
[TimeControl "180+1"]
[Date "2023.08.08"]
[WhiteClock "0:00:08"]
[BlackClock "0:00:48"]
[Board "85"]

1. c4 Nf6 2. Nc3 c6 3. e4 d6 4. d4 e5 5. Nf3 Bg4 6. dxe5 Bxf3 7. Qxf3 dxe5 8. Bg5 Be7 9. Be2 O-O 10. O-O Nbd7 11. Rad1 Qc7 12. Qg3 Rfd8 13. Kh1 Nf8 14. f4 Rxd1 15. Rxd1 Ne6 16. fxe5 Nxg5 17. Qxg5 Nxe4 18. Qe3 Nxc3 19. Qxc3 Rd8 20. h3 Rxd1+ 21. Bxd1 Bg5 22. Bg4 Qe7 23. Qd4 g6 24. a3 h5 25. Bf3 Bc1 26. Qd6 Qe8 27. Be4 Bxb2 28. e6 Qxe6 29. Qxe6 fxe6 30. a4 Kg7 31. Kg1 Kf6 32. Kf1 a5 33. Ke2 g5 34. Kd3 Ke5 35. Bf3 h4 36. Bg4 Ba3 37. Bf3 Bc5 38. Bg4 Ba7 39. Bf3 Kf4 40. Be4 e5 41. Bf3 b5 42. cxb5 cxb5 43. axb5 a4 44. Kc4 e4 45. Bg4 a3 46. Kb3 Ke3 47. Kxa3 Kd2 48. Kb4 e3 49. Ka5 e2 50. Bxe2 Kxe2 51. b6 Bxb6+ 52. Kxb6 Kf2 53. Kc5 Kxg2 54. Kd4 Kxh3 55. Ke3 g4 56. Kf2 Kh2 57. Kf1 g3 0-1


[Site "https://www.chess.com"]

[Event "Titled Tuesday Blitz August 08 Early 2023"]
[White "Tikhonov, Viacheslav"]
[Black "Rychagov, Andrey"]
[WhiteFideId "44196407"]
[BlackFideId "4119932"]
[WhiteElo "2524"]
[BlackElo "2660"]
[Result "0-1"]
[Round "6"]
[TimeControl "180+1"]
[Date "2023.08.08"]
[WhiteClock "0:00:05"]
[BlackClock "0:00:09"]
[Board "86"]

1. d4 f5 2. c4 Nf6 3. g3 g6 4. Nh3 Bg7 5. Nf4 Nc6 6. d5 Ne5 7. Nd2 e6 8. Bg2 Nf7 9. dxe6 dxe6 10. O-O e5 11. Nd5 c6 12. Nxf6+ Qxf6 13. b4 O-O 14. Bb2 Qe7 15. Qb3 Be6 16. Rac1 Rfd8 17. Rfd1 a5 18. a3 Bf8 19. b5 a4 20. Qf3 Rac8 21. bxc6 bxc6 22. c5 Bd5 23. e4 Ng5 24. Qc3 fxe4 25. h4 Ne6 26. Nxe4 Nd4 27. Rxd4 exd4 28. Qxd4 Bg7 29. Qxg7+ Qxg7 30. Bxg7 Kxg7 31. Nd6 Rc7 32. Rb1 Bxg2 33. Kxg2 Ra8 34. Rb4 Ra5 35. Rc4 Re7 36. Ne4 Rb7 37. Rd4 Rc7 38. Kf3 h6 39. Kg4 Ra8 40. h5 gxh5+ 41. Kxh5 Re8 42. Nd6 Re5+ 43. Kh4 Kf6 44. f4 Re3 45. Rxa4 Rg7 46. Ra6 Rgxg3 47. Rxc6 Rh3+ 48. Kg4 Reg3# 0-1


[Site "https://www.chess.com"]

[Event "Titled Tuesday Blitz August 08 Early 2023"]
[White "Weetik, Vjacheslav"]
[Black "Martin Barcelo, Carles"]
[WhiteFideId "4153472"]
[BlackFideId "24561444"]
[WhiteElo "2657"]
[BlackElo "2523"]
[Result "1-0"]
[Round "6"]
[TimeControl "180+1"]
[Date "2023.08.08"]
[WhiteClock "0:00:06"]
[BlackClock "0:00:00"]
[Board "87"]

1. d4 d5 2. c4 e6 3. Nc3 c6 4. e3 g6 5. Nf3 Bg7 6. Bd3 Ne7 7. O-O O-O 8. b3 Nd7 9. Qe2 b6 10. Ba3 Re8 11. Rad1 Bb7 12. e4 dxc4 13. Bxc4 Qc7 14. e5 b5 15. Bd3 Nb6 16. Ne4 Red8 17. Nd6 Nec8 18. Ng5 Nxd6 19. Bxd6 Qd7 20. Ne4 Nd5 21. Bb1 Bf8 22. Rc1 a6 23. Nc5 Qc8 24. Bxf8 Rxf8 25. h4 h5 26. Rfd1 Rb8 27. Rd3 Qd8 28. Qe4 Ne7 29. Rg3 Nf5 30. Nxe6 fxe6 31. Rxg6+ Kh7 32. Rxe6 Qd5 33. Qxd5 cxd5 34. Rc7+ Kg8 35. Rg6+ Kh8 36. Rg5 Rbc8 37. Rxh5+ Kg8 38. Rg5+ Kh8 39. Rh5+ Kg8 40. Rxc8 Bxc8 41. Bxf5 Bxf5 42. Rg5+ Kh7 43. g4 Be4 44. Rh5+ Kg6 45. Rg5+ Kh6 46. e6 Re8 47. Re5 Kg6 48. Kh2 Kf6 49. g5+ Ke7 50. f4 Rc8 51. f5 Rc2+ 52. Kg3 Rg2+ 53. Kh3 Rf2 54. f6+ Ke8 55. h5 Bf5+ 56. Rxf5 Rxf5 57. Kg4 Rf1 58. h6 Kf8 59. h7 Rh1 60. g6 Rh2 61. g7+ Ke8 62. f7+ Ke7 63. f8=Q+ 1-0


[Site "https://www.chess.com"]

[Event "Titled Tuesday Blitz August 08 Early 2023"]
[White "Piesik, Piotr"]
[Black "Eynullayev, Atilla"]
[WhiteFideId "1136194"]
[BlackFideId "13413570"]
[WhiteElo "2655"]
[BlackElo "2523"]
[Result "0-1"]
[Round "6"]
[TimeControl "180+1"]
[Date "2023.08.08"]
[WhiteClock "0:00:03"]
[BlackClock "0:00:09"]
[Board "88"]

1. Nf3 Nf6 2. g3 d5 3. Bg2 c5 4. O-O e6 5. d3 Nc6 6. Nbd2 g6 7. e4 Bg7 8. c3 O-O 9. Qe2 b5 10. Re1 a5 11. Nf1 b4 12. e5 Nd7 13. Bg5 Qc7 14. c4 Ndxe5 15. Nxe5 Qxe5 16. cxd5 Qxg5 17. dxc6 Ba6 18. Ne3 Qe5 19. Nc4 Qd4 20. Rad1 Bb5 21. Qc2 Ra6 22. c7 Ra7 23. a4 Bd7 24. Re4 Qf6 25. Ne5 Rxc7 26. Nxd7 Rxd7 27. Qxc5 Qxb2 28. Qxa5 b3 29. Qb5 Qc2 30. Bf3 Rfd8 31. Rb4 Rxd3 32. Rxd3 Rxd3 33. Qe8+ Bf8 34. Rb8 Qc5 35. Rb7 Rxf3 0-1


[Site "https://www.chess.com"]

[Event "Titled Tuesday Blitz August 08 Early 2023"]
[White "reevecanada"]
[Black "Kleiman, Jake"]
[BlackFideId "2020041"]
[WhiteElo "2522"]
[BlackElo "2651"]
[Result "0-1"]
[Round "6"]
[TimeControl "180+1"]
[Date "2023.08.08"]
[WhiteClock "0:00:15"]
[BlackClock "0:00:12"]
[Board "89"]

1. e4 e5 2. Nf3 Nc6 3. d4 exd4 4. Nxd4 Bb4+ 5. c3 Bc5 6. Nb3 Bb6 7. Qe2 d6 8. Be3 Bxe3 9. Qxe3 Nf6 10. N1d2 O-O 11. O-O-O Re8 12. f3 a5 13. Bb5 a4 14. Nd4 Bd7 15. c4 Nxd4 16. Bxd7 Nb3+ 17. Nxb3 Nxd7 18. Nd4 Ne5 19. Qc3 Qf6 20. Kb1 Nd7 21. Qc2 Nc5 22. h4 c6 23. h5 Red8 24. Nf5 Rd7 25. g4 Rad8 26. g5 Qe5 27. g6 fxg6 28. hxg6 h6 29. Rh5 Qf6 30. Rdh1 a3 31. b3 Nd3 32. R5h2 Nf4 33. Qc1 Nxg6 34. Rg1 d5 35. Rhg2 dxe4 36. Nxh6+ Kh7 37. Ng4 Qxf3 38. Rh2+ Kg8 39. Ne3 Nf4 40. Nf5 Ne2 41. Qg5 Nc3+ 42. Kc2 Qd3+ 43. Kc1 Ne2+ 44. Rxe2 Qc3+ 45. Kb1 Rd1+ 46. Qc1 Rxc1+ 47. Rxc1 Qd3+ 48. Rec2 e3 49. Ne7+ Kf7 50. Re1 Kxe7 51. Kc1 Ke6 52. Rce2 Kf5 53. Rxe3 Qd2+ 54. Kb1 Kf4 55. R3e2 Qxe2 56. Rxe2 g5 57. Re7 g4 58. Rxb7 Rg8 59. Rf7+ Ke3 60. Re7+ Kd2 61. Rd7+ Kc3 62. Rd1 g3 63. Rc1+ Kd2 64. Rg1 g2 65. b4 Ke2 66. b5 Kf2 67. Rxg2+ Kxg2 68. bxc6 Rc8 69. Kc2 Rxc6 70. Kb3 Kf3 71. Kxa3 Rxc4 72. Kb3 Rc8 73. Kb4 Ke4 74. Kb5 Kd5 75. a4 Rb8+ 76. Ka6 Kc5 77. a5 Rb5 78. Ka7 Rxa5+ 79. Kb7 Ra4 80. Kc7 Ra7+ 81. Kb8 Rd7 82. Kc8 Kc6 83. Kb8 Rc7 84. Ka8 Kb5 85. Kb8 Kb6 86. Ka8 Rc8# 0-1


[Site "https://www.chess.com"]

[Event "Titled Tuesday Blitz August 08 Early 2023"]
[White "Jeet, Jain"]
[Black "Domingo Nunez, Alejandro"]
[WhiteFideId "5073022"]
[BlackFideId "22245561"]
[WhiteElo "2641"]
[BlackElo "2520"]
[Result "0-1"]
[Round "6"]
[TimeControl "180+1"]
[Date "2023.08.08"]
[WhiteClock "0:00:26"]
[BlackClock "0:00:06"]
[Board "90"]

1. d4 g6 2. Nf3 Bg7 3. e3 Nf6 4. b3 O-O 5. Bb2 d6 6. Bd3 Nbd7 7. O-O e5 8. Nbd2 Re8 9. Be2 e4 10. Ne1 h5 11. c4 Nf8 12. b4 N8h7 13. d5 Bf5 14. Nc2 h4 15. Nd4 Bd7 16. h3 Ng5 17. a4 Qc8 18. Re1 a5 19. b5 Qd8 20. Bf1 Qe7 21. Rc1 Nh5 22. Be2 Nf6 23. Qc2 Nfh7 24. Bf1 Nf6 25. f4 exf3 26. N2xf3 Nxf3+ 27. Nxf3 Bf5 28. Bd3 Ne4 29. Bxg7 Kxg7 30. Nd4 Bd7 31. Rf1 Ng3 32. Rf3 Qg5 33. Re1 Re7 34. Kh2 Rae8 35. Qd2 Qe5 36. Kg1 Qxd4 37. exd4 Rxe1+ 38. Kf2 Nh1# 0-1


[Site "https://www.chess.com"]

[Event "Titled Tuesday Blitz August 08 Early 2023"]
[White "Vyatkin, Dmitry"]
[Black "Tarhan, Adar"]
[WhiteFideId "4171900"]
[BlackFideId "34544712"]
[WhiteElo "2520"]
[BlackElo "2639"]
[Result "0-1"]
[Round "6"]
[TimeControl "180+1"]
[Date "2023.08.08"]
[WhiteClock "0:00:00"]
[BlackClock "0:00:09"]
[Board "91"]

1. d4 Nf6 2. c4 c6 3. Nf3 d5 4. g3 g6 5. Bg2 Bg7 6. O-O O-O 7. b3 a5 8. Nc3 Ne4 9. Bb2 Bf5 10. Nh4 Nxc3 11. Bxc3 Be6 12. Qd3 Na6 13. cxd5 cxd5 14. Qb5 b6 15. Rac1 Qd6 16. Bb2 Nb4 17. Ba3 Bxd4 18. Rfd1 Bc5 19. e4 d4 20. Bxb4 axb4 21. Qe2 Ra5 22. e5 Qd7 23. Rd2 Bg4 24. Nf3 Rfa8 25. Rcd1 Qa7 26. h3 Bxf3 27. Bxf3 Rd8 28. h4 e6 29. h5 Qe7 30. hxg6 hxg6 31. Be4 Kg7 32. Kg2 Rh8 33. Rh1 Rxh1 34. Kxh1 Qg5 35. Kg2 Qxe5 36. Qf3 Ra7 37. Re2 Qf6 38. Qd3 Qd8 39. Qf3 Re7 40. Bd3 Qd6 41. g4 f5 42. gxf5 gxf5 0-1


[Site "https://www.chess.com"]

[Event "Titled Tuesday Blitz August 08 Early 2023"]
[White "Shubenkova, Veronika"]
[Black "Radzhabov, Rodion"]
[WhiteFideId "44124040"]
[BlackFideId "884715"]
[WhiteElo "2515"]
[BlackElo "2637"]
[Result "1/2-1/2"]
[Round "6"]
[TimeControl "180+1"]
[Date "2023.08.08"]
[WhiteClock "0:00:11"]
[BlackClock "0:00:01"]
[Board "92"]

1. c4 e5 2. Nc3 Nf6 3. d3 d5 4. cxd5 Nxd5 5. a3 c5 6. g3 Nc6 7. Bg2 Nc7 8. e3 Be7 9. Nge2 O-O 10. O-O Bf5 11. Ne4 Qd7 12. Qc2 Ne6 13. Rd1 Rfd8 14. b3 Rac8 15. Bb2 h5 16. Rac1 h4 17. f4 f6 18. Nf2 hxg3 19. hxg3 Bf8 20. g4 Bh7 21. f5 Ng5 22. Ng3 g6 23. fxg6 Bxg6 24. Nfe4 Be7 25. Nxg5 fxg5 26. Qc4+ Bf7 27. Qe4 Bf8 28. Bxe5 Re8 29. d4 Nxe5 30. dxe5 Qe6 31. Nh5 Qxe5 32. Qxb7 Bd6 33. Rxd6 Qxd6 34. Rf1 Bxh5 35. gxh5 Rc7 36. Qb5 Qe5 37. Qc4+ Kg7 38. e4 Qd4+ 39. Kh2 Qxc4 40. bxc4 Rf7 41. Rd1 Re5 42. Rd6 Rf6 43. Rd7+ Kh6 44. Rd5 Rxd5 45. cxd5 c4 46. e5 Rf4 47. e6 Kg7 48. h6+ Kf6 49. Kg3 Rh4 50. Bf1 c3 51. Bd3 Ke7 52. h7 Kd6 53. Bc2 a5 54. a4 Ke7 55. Bd3 Kd6 56. Bc2 Ke7 57. Bd3 Kd6 58. Bc2 1/2-1/2


[Site "https://www.chess.com"]

[Event "Titled Tuesday Blitz August 08 Early 2023"]
[White "Tologon tegin, Semetei"]
[Black "Papayan, Oleg"]
[WhiteFideId "13800574"]
[BlackFideId "4193911"]
[WhiteElo "2637"]
[BlackElo "2504"]
[Result "0-1"]
[Round "6"]
[TimeControl "180+1"]
[Date "2023.08.08"]
[WhiteClock "0:00:31"]
[BlackClock "0:01:25"]
[Board "93"]

1. e4 d5 2. exd5 Qxd5 3. Nc3 Qd8 4. d4 c6 5. h3 Bf5 6. Nf3 e6 7. Bd3 Bg6 8. O-O Nd7 9. Re1 Be7 10. Ne4 Ngf6 11. Neg5 Bxd3 12. Qxd3 h6 13. Nxe6 fxe6 14. Qg6+ Kf8 15. Rxe6 Qe8 16. Qf5 Qh5 17. Qd3 Kf7 18. Ne5+ Kxe6 19. g4 Qe8 20. Bf4 Nxe5 21. Qf5+ Kf7 22. dxe5 Qd7 23. exf6 Qxf5 0-1


[Site "https://www.chess.com"]

[Event "Titled Tuesday Blitz August 08 Early 2023"]
[White "Saya, Ethan"]
[Black "Brunner, Nicolas"]
[WhiteFideId "26095181"]
[BlackFideId "620246"]
[WhiteElo "2629"]
[BlackElo "2504"]
[Result "1-0"]
[Round "6"]
[TimeControl "180+1"]
[Date "2023.08.08"]
[WhiteClock "0:00:14"]
[BlackClock "0:00:11"]
[Board "94"]

1. d4 Nf6 2. c4 e6 3. Nc3 d5 4. cxd5 exd5 5. Bg5 Bb4 6. Qa4+ Nc6 7. e3 Qd6 8. Bxf6 Qxf6 9. Bb5 a5 10. Bxc6+ bxc6 11. Ne2 Ba6 12. Qc2 O-O 13. O-O Rab8 14. Rfc1 Rfe8 15. Nf4 Bd6 16. Nd3 Qg6 17. Ne1 Qxc2 18. Rxc2 Rb4 19. b3 Reb8 20. Rac1 Kf8 21. Na4 Bb5 22. Nc5 Bxc5 23. Rxc5 a4 24. Nc2 Bd3 25. Nxb4 Rxb4 26. Rxc6 axb3 27. axb3 Rxb3 28. R6c3 Rxc3 29. Rxc3 Bc4 30. f3 c6 31. Kf2 Ke7 32. e4 Bb5 33. Ke3 Ke6 34. Rc5 Ba4 35. Ra5 Bb5 36. Ra7 h5 37. h4 g6 38. Rb7 Ba4 39. Rb6 Bb5 40. Rb7 Ba4 41. Kd3 Bb5+ 42. Kd2 Ba4 43. Ke3 Bb5 44. exd5+ Kxd5 45. Rxf7 Bf1 46. g3 Bh3 47. Rf6 Bf5 48. Rf8 Bb1 49. Rd8+ Ke6 50. Kf4 Bc2 51. Kg5 Bd3 52. g4 hxg4 53. fxg4 Bc2 54. h5 gxh5 55. gxh5 Bd3 56. h6 Kf7 57. Rd6 Be4 58. Rd7+ Kg8 59. Rc7 Kh8 60. Kf6 Bd5 61. Ke5 Bf3 62. Kd6 1-0


[Site "https://www.chess.com"]

[Event "Titled Tuesday Blitz August 08 Early 2023"]
[White "Pham, Le Thao Nguyen"]
[Black "kuanysh1981"]
[WhiteFideId "12401226"]
[WhiteElo "2627"]
[BlackElo "2495"]
[Result "1-0"]
[Round "6"]
[TimeControl "180+1"]
[Date "2023.08.08"]
[WhiteClock "0:00:06"]
[BlackClock "0:00:56"]
[Board "95"]

1. d4 Nf6 2. c4 e6 3. Nf3 Bb4+ 4. Bd2 Qe7 5. g3 b6 6. Bg2 Bb7 7. O-O O-O 8. Bg5 h6 9. Bxf6 Qxf6 10. a3 Be7 11. Nc3 d6 12. e4 Nc6 13. Re1 Rfe8 14. e5 dxe5 15. Nxe5 Na5 16. b4 Bxg2 17. Kxg2 Nb7 18. c5 a5 19. Qf3 Qxf3+ 20. Kxf3 Bf6 21. Nb5 Bxe5 22. Rxe5 Rec8 23. c6 Nd8 24. Rc1 axb4 25. axb4 Ra4 26. Rc4 f6 27. Re3 Kf7 28. h4 h5 29. g4 hxg4+ 30. Kxg4 Ke7 31. d5 e5 32. Kf5 Nf7 33. Rg3 Nd6+ 34. Nxd6 Kxd6 35. Rd3 b5 36. Rg4 Rd8 37. h5 Rh8 38. Kg6 f5 39. Kxf5 Rxh5+ 40. Kg6 Rh2 41. f3 Rb2 42. Kxg7 Raxb4 43. Rg6+ Kc5 44. d6 Kb6 45. d7 Rh2 46. d8=Q Rbh4 47. Qb8+ Kc5 48. Qa7+ Kc4 49. Qe3 Rh7+ 50. Kf6 b4 51. Qe4+ Kb5 52. Rd5+ Kb6 53. Qxb4+ Kxc6 54. Qb5# 1-0


[Site "https://www.chess.com"]

[Event "Titled Tuesday Blitz August 08 Early 2023"]
[White "Garcia Ramos, Daniel"]
[Black "Kuznetsov, Mikhail"]
[WhiteFideId "32010311"]
[BlackFideId "4117190"]
[WhiteElo "2624"]
[BlackElo "2493"]
[Result "1-0"]
[Round "6"]
[TimeControl "180+1"]
[Date "2023.08.08"]
[WhiteClock "0:00:33"]
[BlackClock "0:00:02"]
[Board "96"]

1. e4 c6 2. d4 d5 3. Nd2 dxe4 4. Nxe4 Nf6 5. Nxf6+ exf6 6. c3 Bd6 7. Bd3 O-O 8. Qc2 Kh8 9. Ne2 Re8 10. O-O Nd7 11. Bf4 Nf8 12. Rae1 Rxe2 13. Qxe2 Bxf4 14. Qe7 Qxe7 15. Rxe7 Be6 16. Rxb7 Nd7 17. c4 Nb6 18. b3 Kg8 19. Be4 Bc8 20. Bxc6 Bxb7 21. Bxb7 Rd8 22. Rd1 Kf8 23. Bf3 Bc7 24. Kf1 Nc8 25. c5 Ne7 26. d5 Nf5 27. b4 Rb8 28. a3 a5 29. d6 Bxd6 30. cxd6 axb4 31. axb4 Ke8 32. b5 Kd8 33. Bc6 g6 34. g4 Ng7 35. f4 Ne6 36. f5 Ng7 37. Re1 gxf5 38. gxf5 h5 39. Re7 Rc8 40. Rxf7 Ne8 41. Rd7# 1-0


[Site "https://www.chess.com"]

[Event "Titled Tuesday Blitz August 08 Early 2023"]
[White "Sharavdorj, Dashzegve"]
[Black "Mmukka"]
[WhiteFideId "4900340"]
[WhiteElo "2624"]
[BlackElo "2481"]
[Result "0-1"]
[Round "6"]
[TimeControl "180+1"]
[Date "2023.08.08"]
[WhiteClock "0:00:07"]
[BlackClock "0:00:08"]
[Board "97"]

1. d4 d5 2. c4 dxc4 3. Nf3 Nf6 4. Nc3 e6 5. e4 c5 6. d5 exd5 7. e5 Ne4 8. Qxd5 Nxc3 9. Qxd8+ Kxd8 10. bxc3 Be6 11. Ng5 Nc6 12. f4 Bd5 13. Be3 Kc7 14. O-O-O Rd8 15. Rxd5 Rxd5 16. Bxc4 Rd7 17. Nxf7 Rg8 18. Nd6 Rh8 19. Nb5+ Kb8 20. e6 Rd8 21. f5 a6 22. Bf4+ Kc8 23. Nc7 Bd6 24. Bxd6 Rxd6 25. Nd5 b5 26. Nb6+ Kb7 27. Nd7 bxc4 28. Nxc5+ Kb6 29. Ne4 Rd5 30. Kc2 Rxf5 31. Rb1+ Kc7 32. g4 Re5 33. Ng3 Rxe6 34. Rf1 Rhe8 35. Rf4 Ne5 36. Rd4 Rd8 37. Re4 Rde8 38. Rd4 Nc6 39. Rxc4 g6 40. Rf4 R8e7 41. Rf8 Re1 42. a4 Ra1 43. Kb3 Rb1+ 44. Kc2 Rg1 45. Rf2 Rge1 46. g5 Ne5 47. Rf6 Nc6 48. Rf8 R1e5 49. Ra8 Kb7 50. Rf8 Rxg5 51. Rf4 Rge5 52. Kb3 g5 53. Rg4 h6 54. Rc4 Na5+ 55. Kb4 Nxc4 56. Kxc4 g4 57. Kd4 h5 58. c4 h4 59. Nf1 Re1 60. Nd2 Rd7+ 61. Kc3 Re3+ 62. Kb4 Rxd2 63. Ka5 Re5+ 64. Kb4 Rb2+ 65. Kc3 Rf2 66. a5 Rxa5 67. Kd4 Raf5 0-1


[Site "https://www.chess.com"]

[Event "Titled Tuesday Blitz August 08 Early 2023"]
[White "AdvanceGuard4"]
[Black "Tregubov, Pavel V."]
[BlackFideId "4115341"]
[WhiteElo "2478"]
[BlackElo "2624"]
[Result "1/2-1/2"]
[Round "6"]
[TimeControl "180+1"]
[Date "2023.08.08"]
[WhiteClock "0:00:06"]
[BlackClock "0:00:16"]
[Board "98"]

1. d4 Nf6 2. Nf3 e6 3. c4 Bb4+ 4. Bd2 Qe7 5. g3 Bxd2+ 6. Nbxd2 d6 7. Bg2 e5 8. O-O O-O 9. e4 Bg4 10. h3 Bxf3 11. Nxf3 Nbd7 12. Re1 exd4 13. Nxd4 g6 14. b3 a5 15. Qd2 Nc5 16. Kh2 Rfe8 17. f3 c6 18. Rad1 Qe5 19. Ne2 Red8 20. Nc3 Qe6 21. Qd4 Qe5 22. Qd2 Qe7 23. f4 Rd7 24. Qf2 Re8 25. e5 Nh5 26. exd6 Qd8 27. Qxc5 Rxe1 28. Rxe1 Rxd6 29. Re8+ Qxe8 30. Qxd6 Qe3 31. Qb8+ Kg7 32. Qe5+ Qxe5 33. fxe5 f6 34. exf6+ Kxf6 35. Ne4+ Ke5 36. Nc5 b5 37. Bxc6 Kd6 38. Bf3 Kxc5 39. Bxh5 gxh5 40. cxb5 Kxb5 41. a3 Kc5 42. Kg2 Kd4 43. b4 axb4 44. axb4 Kc4 45. Kf3 Kxb4 46. Kf4 Kc4 47. Kg5 Kd4 48. Kxh5 Ke4 49. g4 Kf3 50. g5 Kg3 51. Kh6 Kh4 52. Kxh7 Kxg5 53. Kg7 Kh4 54. Kg6 Kxh3 1/2-1/2


[Site "https://www.chess.com"]

[Event "Titled Tuesday Blitz August 08 Early 2023"]
[White "HamedWafa4"]
[Black "arenal72"]
[WhiteElo "2623"]
[BlackElo "2478"]
[Result "0-1"]
[Round "6"]
[TimeControl "180+1"]
[Date "2023.08.08"]
[WhiteClock "0:00:07"]
[BlackClock "0:00:57"]
[Board "99"]

1. e4 Nc6 2. Nf3 d6 3. d4 Nf6 4. Nc3 g6 5. h3 Bg7 6. Be3 a6 7. Qd2 b5 8. Bd3 Bb7 9. Bh6 O-O 10. Bxg7 Kxg7 11. O-O-O Nb4 12. h4 c5 13. h5 Nxd3+ 14. cxd3 cxd4 15. Nxd4 e5 16. Nf3 Rc8 17. Kb1 Nxh5 18. Ne2 Qf6 19. Nh4 Nf4 20. g3 Nxe2 21. Qxe2 d5 22. Qg4 h5 23. Qf3 Qxf3 24. Nxf3 dxe4 25. Nxe5 Rfe8 26. d4 f6 27. Nd7 e3 28. fxe3 Bxh1 29. Rxh1 Rxe3 30. Rd1 Rxg3 31. d5 h4 32. d6 h3 33. Nb6 Rd8 34. d7 h2 0-1


[Site "https://www.chess.com"]

[Event "Titled Tuesday Blitz August 08 Early 2023"]
[White "Iljin, Timofey"]
[Black "Przybylski, Wojciech"]
[WhiteFideId "14110180"]
[BlackFideId "1117599"]
[WhiteElo "2475"]
[BlackElo "2617"]
[Result "1-0"]
[Round "6"]
[TimeControl "180+1"]
[Date "2023.08.08"]
[WhiteClock "0:00:15"]
[BlackClock "0:00:00"]
[Board "100"]

1. e4 e5 2. d4 exd4 3. c3 d5 4. exd5 Qxd5 5. cxd4 Nc6 6. Nf3 Bg4 7. Be2 O-O-O 8. Nc3 Qa5 9. Be3 Nf6 10. O-O Bb4 11. a3 Bd6 12. b4 Qh5 13. h3 Bxh3 14. gxh3 Qxh3 15. Nb5 h6 16. Re1 Rhe8 17. Nxd6+ Rxd6 18. Bf1 Qf5 19. Qd3 Qg4+ 20. Bg2 Ne4 21. Nh2 Qh4 22. Nf3 Qh5 23. Bf4 Rde6 24. d5 Nxf2 25. Kxf2 Rxe1 26. Rxe1 Rxe1 27. dxc6 Re7 28. cxb7+ Kb8 29. Qd8+ Kxb7 30. Qxe7 Qf5 31. Nd4+ Ka6 32. b5+ Ka5 33. Qb4+ Kb6 34. Nxf5 g6 35. Be3+ 1-0


[Site "https://www.chess.com"]

[Event "Titled Tuesday Blitz August 08 Early 2023"]
[White "Goldin, Alexander"]
[Black "Kirillov, Dmitry"]
[WhiteFideId "2019540"]
[BlackFideId "34180572"]
[WhiteElo "2611"]
[BlackElo "2453"]
[Result "1-0"]
[Round "6"]
[TimeControl "180+1"]
[Date "2023.08.08"]
[WhiteClock "0:00:16"]
[BlackClock "0:00:00"]
[Board "101"]

1. Nf3 d5 2. g3 g6 3. Bg2 Bg7 4. d4 Nf6 5. O-O O-O 6. Be3 c6 7. Qc1 Bf5 8. c4 dxc4 9. Qxc4 Nbd7 10. Nc3 Ne4 11. Rfd1 Nxc3 12. bxc3 Nb6 13. Qb3 Be4 14. c4 Qc8 15. Rac1 h6 16. a4 Nd7 17. Bh3 g5 18. Nd2 Bg6 19. c5 Kh7 20. Nc4 f5 21. f4 g4 22. Bg2 Bf7 23. Qc2 Bd5 24. Bf2 Nf6 25. Ne3 Bxg2 26. Kxg2 e6 27. h3 h5 28. Rh1 Kg6 29. hxg4 hxg4 30. Rh4 Rh8 31. Rch1 Qd7 32. Nxg4 Qd5+ 33. Kg1 Qxh1+ 34. Rxh1 Rxh1+ 35. Kxh1 Nxg4 36. Bg1 Rd8 37. e3 Nf6 38. Qb3 Rd7 39. Qxe6 Rd5 40. Kg2 Rd7 41. Kf3 Rf7 42. Bf2 Rf8 43. Qb3 Re8 44. Be1 Re7 45. Ba5 a6 46. Bd8 Rf7 47. Qe6 Rf8 48. Be7 1-0


[Site "https://www.chess.com"]